TOP OF THE 1ST |
Pittsfield Colonials batting - Pitching for Waterbury Rough Riders : RHP Jose Fregoso
|
Pitching: RHP Jose Fregoso
|
|
Batting: SHB Steve Scafa
|
0-0: Called Strike 0-1: Ball 1-1: Called Strike 1-2: Ball 2-2: Foul Ball, location: 2F 2-2: Ball 3-2: Fly out, F6 (Line Drive, 6, EV 66.3 MPH)
|
Batting: SHB Allan Wilkerson
|
0-0: Called Strike 0-1: Ball 1-1: SINGLE (Line Drive, 5L, EV 95.0 MPH)
|
Batting: LHB James Wojcik
|
0-0: Swinging Strike 0-1: Fly out, F9 (Line Drive, 9, EV 95.6 MPH)
|
Batting: SHB Mitch Webster
|
0-0: Ball 1-0: Foul Ball, location: 2F 1-1: Called Strike 1-2: Foul Ball, location: 2F 1-2: Fielders Choice at 2nd, 6-4 (Groundball, 6, EV 85.6 MPH)
|
Top of the 1st over - 0 runs, 1 hit, 0 errors, 1 left on base; Pittsfield 0 - Waterbury 0 |
BOTTOM OF THE 1ST |
Waterbury Rough Riders batting - Pitching for Pittsfield Colonials : RHP Bob Stoddard
|
Pitching: RHP Bob Stoddard
|
|
Batting: RHB David Corman
|
0-0: Ground out 6-3 (Groundball, 56, EV 82.5 MPH)
|
Batting: RHB Jack Fimple
|
0-0: Ball 1-0: Fly out, F9 (Flyball, 9LS, EV 91.3 MPH)
|
Batting: RHB Billy Beane
|
0-0: Foul Ball, location: 2F 0-1: Foul Ball, location: 2F 0-2: Strikes out looking
|
Bottom of the 1st over - 0 runs, 0 hits, 0 errors, 0 left on base; Pittsfield 0 - Waterbury 0 |
TOP OF THE 2ND |
Pittsfield Colonials batting - Pitching for Waterbury Rough Riders : RHP Jose Fregoso
|
Batting: SHB Felipe Gracia
|
0-0: Called Strike 0-1: Swinging Strike 0-2: Ball 1-2: Ball 2-2: Strikes out swinging
|
Batting: RHB Mike Brewer
|
0-0: Ball 1-0: Called Strike 1-1: Foul Ball, location: 2F 1-2: Ball 2-2: Foul Ball, location: 2F 2-2: Fly out, F7 (Flyball, 7LM, EV 89.4 MPH)
|
Batting: RHB Steven Ramler
|
0-0: Ball 1-0: Ball 2-0: Ball 3-0: Called Strike 3-1: Fly out, F6 (Popup, 6M, EV 63.8 MPH)
|
Top of the 2nd over - 0 runs, 0 hits, 0 errors, 0 left on base; Pittsfield 0 - Waterbury 0 |
BOTTOM OF THE 2ND |
Waterbury Rough Riders batting - Pitching for Pittsfield Colonials : RHP Bob Stoddard
|
Batting: RHB john W Russell
|
0-0: Foul Ball, location: 2F 0-1: Ball 1-1: Swinging Strike 1-2: Foul Ball, location: 2F 1-2: Ball 2-2: Ball 3-2: Base on Balls
|
Batting: RHB Gary Skow
|
0-0: Ball 1-0: Foul Ball, location: 2F 1-1: Grounds into double play, 5-4-3 (Groundball, 5, EV 86.9 MPH)
|
Batting: LHB Mike Lebo
|
0-0: Ball 1-0: Called Strike 1-1: Swinging Strike 1-2: Strikes out swinging
|
Bottom of the 2nd over - 0 runs, 0 hits, 0 errors, 0 left on base; Pittsfield 0 - Waterbury 0 |
TOP OF THE 3RD |
Pittsfield Colonials batting - Pitching for Waterbury Rough Riders : RHP Jose Fregoso
|
Batting: SHB David Enos
|
0-0: Foul Ball, location: 2F 0-1: Ball 1-1: Ground out 4-3 (Groundball, 4, EV 105.6 MPH)
|
Batting: RHB Juan Castro
|
0-0: Called Strike 0-1: Foul Ball, location: 2F 0-2: Ball 1-2: Strikes out looking
|
Batting: SHB Steve Scafa
|
0-0: Foul Ball, location: 2F 0-1: Called Strike 0-2: Foul Ball, location: 2F 0-2: Ball 1-2: Foul Ball, location: 2F 1-2: Foul Ball, location: 2F 1-2: Foul Ball, location: 2F 1-2: Foul Ball, location: 2F 1-2: SINGLE (Flyball, 56D, EV 87.5 MPH)
|
Batting: SHB Allan Wilkerson
|
0-0: Ball Steve Scafa steals 2nd base 1-0: Ground out 6-3 (Groundball, 6, EV 98.1 MPH)
|
Top of the 3rd over - 0 runs, 1 hit, 0 errors, 1 left on base; Pittsfield 0 - Waterbury 0 |
BOTTOM OF THE 3RD |
Waterbury Rough Riders batting - Pitching for Pittsfield Colonials : RHP Bob Stoddard
|
Batting: RHB Daniel Purpura
|
0-0: Ball 1-0: Ball 2-0: Called Strike 2-1: Foul Ball, location: 2F 2-2: Strikes out swinging
|
Batting: LHB Wilson Tucker
|
0-0: Ground out 6-3 (Groundball, 6M, EV 98.1 MPH)
|
Batting: RHB Joseph Pocoroba
|
0-0: Fly out, F5 (Popup, 5S, EV 73.1 MPH)
|
Bottom of the 3rd over - 0 runs, 0 hits, 0 errors, 0 left on base; Pittsfield 0 - Waterbury 0 |
TOP OF THE 4TH |
Pittsfield Colonials batting - Pitching for Waterbury Rough Riders : RHP Jose Fregoso
|
Batting: LHB James Wojcik
|
0-0: Called Strike 0-1: Ball 1-1: Ball 2-1: Called Strike 2-2: Foul Ball, location: 2F 2-2: Ball 3-2: Ground out 5-3 (Groundball, 56, EV 104.4 MPH)
|
Batting: SHB Mitch Webster
|
0-0: Called Strike 0-1: Ball 1-1: SINGLE (Line Drive, 78S, EV 106.9 MPH)
|
Batting: SHB Felipe Gracia
|
0-0: Ball 1-0: Ball 2-0: Swinging Strike 2-1: Called Strike 2-2: Strikes out swinging
|
Batting: RHB Mike Brewer
|
0-0: Ball 1-0: Fly out, F3 (Popup, 3SF, EV 71.3 MPH)
|
Top of the 4th over - 0 runs, 1 hit, 0 errors, 1 left on base; Pittsfield 0 - Waterbury 0 |
BOTTOM OF THE 4TH |
Waterbury Rough Riders batting - Pitching for Pittsfield Colonials : RHP Bob Stoddard
|
Batting: RHB David Corman
|
0-0: Called Strike 0-1: Ball 1-1: Ball 2-1: Ball 3-1: Fly out, F9 (Line Drive, 9, EV 96.9 MPH)
|
Batting: RHB Jack Fimple
|
0-0: Foul Ball, location: 2F 0-1: Swinging Strike 0-2: Ground out 6-3 (Groundball, 6, EV 87.5 MPH)
|
Batting: RHB Billy Beane
|
0-0: Ball 1-0: Called Strike 1-1: Foul Ball, location: 2F 1-2: Foul Ball, location: 2F 1-2: Strikes out swinging
|
Bottom of the 4th over - 0 runs, 0 hits, 0 errors, 0 left on base; Pittsfield 0 - Waterbury 0 |
TOP OF THE 5TH |
Pittsfield Colonials batting - Pitching for Waterbury Rough Riders : RHP Jose Fregoso
|
Batting: RHB Steven Ramler
|
0-0: Called Strike 0-1: Ball 1-1: Ball 2-1: Ball 3-1: Foul Ball, location: 2F 3-2: Strikes out swinging
|
Batting: SHB David Enos
|
0-0: Called Strike 0-1: Ball 1-1: Ball 2-1: Swinging Strike 2-2: Strikes out swinging
|
Batting: RHB Juan Castro
|
0-0: Ball 1-0: Ball 2-0: Ground out U3 (Groundball, 3, EV 81.9 MPH)
|
Top of the 5th over - 0 runs, 0 hits, 0 errors, 0 left on base; Pittsfield 0 - Waterbury 0 |
BOTTOM OF THE 5TH |
Waterbury Rough Riders batting - Pitching for Pittsfield Colonials : RHP Bob Stoddard
|
Batting: RHB john W Russell
|
0-0: Ball 1-0: Ball 2-0: Ground out 6-3 (Groundball, 6, EV 101.3 MPH)
|
Batting: RHB Gary Skow
|
0-0: Ball 1-0: Fly out, F9 (Flyball, 9LM, EV 78.1 MPH)
|
Batting: LHB Mike Lebo
|
0-0: Called Strike 0-1: Foul Ball, location: 2F 0-2: Ball 1-2: Fly out, F9 (Flyball, 9D, EV 80.0 MPH)
|
Bottom of the 5th over - 0 runs, 0 hits, 0 errors, 0 left on base; Pittsfield 0 - Waterbury 0 |
TOP OF THE 6TH |
Pittsfield Colonials batting - Pitching for Waterbury Rough Riders : RHP Jose Fregoso
|
Batting: SHB Steve Scafa
|
0-0: Called Strike 0-1: Ball 1-1: Ball 2-1: Ball 3-1: Foul Ball, location: 2F 3-2: Base on Balls
|
Batting: SHB Allan Wilkerson
|
0-0: Ball Steve Scafa steals 2nd base 1-0: Ball 2-0: Ball 3-0: Called Strike 3-1: Sac Bunt to 2R - play at first, batter OUT! 2-4 Steve Scafa to third
|
Batting: LHB James Wojcik
|
0-0: Ball 1-0: Foul Ball, location: 2F 1-1: Ground out 4-3 (Groundball, 4, EV 84.4 MPH)
|
Batting: SHB Mitch Webster
|
0-0: Ball 1-0: Ball 2-0: DOUBLE (Line Drive, 78D, EV 110.0 MPH) Steve Scafa scores
|
Batting: SHB Felipe Gracia
|
0-0: Swinging Strike 0-1: Ball 1-1: Ball 2-1: Foul Ball, location: 2F 2-2: Foul Ball, location: 2F 2-2: Foul Ball, location: 2F 2-2: Ball 3-2: Foul Ball, location: 2F 3-2: Strikes out swinging
|
Top of the 6th over - 1 run, 1 hit, 0 errors, 1 left on base; Pittsfield 1 - Waterbury 0 |
BOTTOM OF THE 6TH |
Waterbury Rough Riders batting - Pitching for Pittsfield Colonials : RHP Bob Stoddard
|
Batting: RHB Daniel Purpura
|
0-0: Swinging Strike 0-1: Ball 1-1: Foul Ball, location: 2F 1-2: Fly out, F7 (Flyball, 78M, EV 85.0 MPH)
|
Batting: LHB Wilson Tucker
|
0-0: Ball 1-0: Fly out, F2 (Popup, 2RF, EV 93.8 MPH)
|
Batting: RHB Joseph Pocoroba
|
0-0: Ball 1-0: Ball 2-0: SINGLE (Groundball, 4MD, EV 98.1 MPH)
|
Batting: RHB David Corman
|
0-0: Ball 1-0: Called Strike 1-1: Foul Ball, location: 2F 1-2: Strikes out swinging
|
Bottom of the 6th over - 0 runs, 1 hit, 0 errors, 1 left on base; Pittsfield 1 - Waterbury 0 |
TOP OF THE 7TH |
Pittsfield Colonials batting - Pitching for Waterbury Rough Riders : RHP Jose Fregoso
|
Batting: RHB Mike Brewer
|
0-0: Swinging Strike 0-1: Fly out, F7 (Flyball, 7LS, EV 78.8 MPH)
|
Batting: RHB Steven Ramler
|
0-0: Foul Ball, location: 2F 0-1: Ball 1-1: Ball 2-1: Foul Ball, location: 2F 2-2: Ball 3-2: SINGLE (Flyball, 6D, EV 90.0 MPH)
|
Batting: SHB David Enos
|
0-0: Grounds out, U3 (Groundball, 3L, EV 86.3 MPH)
|
Batting: RHB Juan Castro
|
0-0: Swinging Strike 0-1: Ball 1-1: Swinging Strike 1-2: Ball 2-2: Foul Ball, location: 2F 2-2: Foul Ball, location: 2F 2-2: Foul Ball, location: 2F 2-2: Foul Ball, location: 2F 2-2: Ball 3-2: Strikes out looking
|
Top of the 7th over - 0 runs, 1 hit, 0 errors, 1 left on base; Pittsfield 1 - Waterbury 0 |
BOTTOM OF THE 7TH |
Waterbury Rough Riders batting - Pitching for Pittsfield Colonials : RHP Bob Stoddard
|
Batting: RHB Jack Fimple
|
0-0: Called Strike 0-1: Swinging Strike 0-2: Ball 1-2: Strikes out swinging
|
Batting: RHB Billy Beane
|
0-0: Called Strike 0-1: Ground out 5-3 (Groundball, 5, EV 109.4 MPH)
|
Batting: RHB john W Russell
|
0-0: Called Strike 0-1: SINGLE (Groundball, 56D, EV 98.1 MPH)
|
Batting: RHB Gary Skow
|
0-0: Ball 1-0: Called Strike 1-1: Swinging Strike 1-2: Foul Ball, location: 2F 1-2: Ball 2-2: Ball 3-2: Fly out, F8 (Flyball, 78S, EV 91.3 MPH)
|
Bottom of the 7th over - 0 runs, 1 hit, 0 errors, 1 left on base; Pittsfield 1 - Waterbury 0 |
TOP OF THE 8TH |
Pittsfield Colonials batting - Pitching for Waterbury Rough Riders : RHP Jose Fregoso
|
Batting: SHB Steve Scafa
|
0-0: Swinging Strike 0-1: Ball 1-1: Called Strike 1-2: Ball 2-2: Ball 3-2: Strikes out swinging
|
Batting: SHB Allan Wilkerson
|
0-0: Swinging Strike 0-1: Foul Ball, location: 2F 0-2: Ball 1-2: Strikes out looking
|
Batting: LHB James Wojcik
|
0-0: Called Strike 0-1: Foul Ball, location: 2F 0-2: Ground out 3-1 (Groundball, 34, EV 83.1 MPH)
|
Top of the 8th over - 0 runs, 0 hits, 0 errors, 0 left on base; Pittsfield 1 - Waterbury 0 |
BOTTOM OF THE 8TH |
Waterbury Rough Riders batting - Pitching for Pittsfield Colonials : RHP Bob Stoddard
|
Batting: LHB Mike Lebo
|
0-0: Called Strike 0-1: Swinging Strike 0-2: Strikes out swinging
|
Batting: RHB Daniel Purpura
|
0-0: Swinging Strike 0-1: Ball 1-1: Ball 2-1: Fly out, F3 (Line Drive, 3, EV 75.0 MPH)
|
Batting: LHB Wilson Tucker
|
0-0: SINGLE (Line Drive, 3D, EV 94.4 MPH)
|
Pinch Hitting: RHB Junior Ortiz
|
0-0: Called Strike 0-1: Ball 1-1: Ball 2-1: SINGLE (Groundball, 56, EV 96.3 MPH) Wilson Tucker to second
|
Batting: RHB David Corman
|
0-0: Ball 1-0: Ball 2-0: Ball 3-0: Called Strike 3-1: Base on Balls Wilson Tucker to third Junior Ortiz to second
|
Batting: RHB Jack Fimple
|
0-0: Foul Ball, location: 2F 0-1: Foul Ball, location: 2F 0-2: Ball 1-2: Ground out U3 (Groundball, 34S, EV 76.9 MPH)
|
Bottom of the 8th over - 0 runs, 2 hits, 0 errors, 3 left on base; Pittsfield 1 - Waterbury 0 |
TOP OF THE 9TH |
Pittsfield Colonials batting - Pitching for Waterbury Rough Riders : RHP Jose Fregoso
|
Now at SS: Jose Quiroz
|
|
Batting: SHB Mitch Webster
|
0-0: Ball 1-0: Ball 2-0: Foul Ball, location: 2F 2-1: Foul Ball, location: 2F 2-2: Ball 3-2: Fly out, F8 (Flyball, 8RXD, EV 93.1 MPH)
|
Batting: SHB Felipe Gracia
|
0-0: Ball 1-0: Ball 2-0: Ball 3-0: Called Strike 3-1: Base on Balls
|
Pitching: RHP Marcial Abreu
|
|
Batting: RHB Mike Brewer
|
0-0: Foul Ball, location: 2F 0-1: Ball 1-1: Foul Ball, location: 2F 1-2: Strikes out swinging
|
Batting: RHB Steven Ramler
|
0-0: Ball 1-0: Ball 2-0: SINGLE (Line Drive, 89S, EV 94.4 MPH) Felipe Gracia to second Runner from 2nd tries for 3rd, SAFE, no throw by RF
|
Batting: SHB David Enos
|
0-0: Called Strike 0-1: SINGLE (Groundball, 56D, EV 110.6 MPH) Felipe Gracia scores Steven Ramler to second
|
Batting: RHB Juan Castro
|
0-0: Fielders Choice at 2nd, 6-4 (Groundball, 6, EV 102.5 MPH)
|
Top of the 9th over - 1 run, 2 hits, 0 errors, 2 left on base; Pittsfield 2 - Waterbury 0 |
BOTTOM OF THE 9TH |
Waterbury Rough Riders batting - Pitching for Pittsfield Colonials : RHP Bob Stoddard
|
Batting: RHB Billy Beane
|
0-0: Ball 1-0: Ball 2-0: Called Strike 2-1: SINGLE (Popup, 56D, EV 72.5 MPH)
|
Batting: RHB john W Russell
|
0-0: Ball 1-0: Ball 2-0: Foul Ball, location: 2F 2-1: Ball 3-1: SINGLE (Line Drive, 6MD, EV 98.1 MPH) Billy Beane to second
|
Batting: RHB Gary Skow
|
0-0: Ball 1-0: Called Strike 1-1: Called Strike 1-2: Strikes out looking
|
Batting: LHB Mike Lebo
|
0-0: Ball 1-0: Ball 2-0: Ball 3-0: Base on Balls Billy Beane to third john W Russell to second
|
Pinch Hitting: LHB David Blume
|
0-0: Foul Ball, location: 2F 0-1: Called Strike 0-2: Ball 1-2: Ball 2-2: Ball 3-2: Strikes out swinging
|
Batting: LHB Wilson Tucker
|
0-0: Ball 1-0: Ball 2-0: Ball 3-0: Base on Balls Billy Beane scores john W Russell to third Mike Lebo to second
|
Pitching: RHP Wesley Smith
|
|
Now at 2B: Fernando Marin
|
|
Batting: RHB Jose Quiroz
|
0-0: Swinging Strike 0-1: Ball 1-1: Foul Ball, location: 2F 1-2: Foul Ball, location: 2F 1-2: Ball 2-2: Ball 3-2: Fly out, F9 (Flyball, 9, EV 75.0 MPH)
|
Bottom of the 9th over - 1 run, 2 hits, 0 errors, 3 left on base; Pittsfield 2 - Waterbury 1 |
|